AoeStats
← Paulinho19

Arabia

508196411Analyzed
1v1 RM · 11d ago on Sep 21, 2026· 30m 30s· 2 players
Game mode
Random Map
Map size
Tiny (2 player)
Population
200
Speed
Normal
Resources
Standard
Victory
Conquest
Starting age
Dark Age
Ending age
Imperial Age
RankedLock teamsTeams togetherTeam positionsShared explorationLock speedFull tech treeHidden civsTurbo modeCheats
Victory
Defeat
🇳🇱 Tupi · Netherlands
988
+16
🇷🇴 Spanish · Romania
995
-16
TimTim, TomToms Evil Clone
11:52 Feudal Age
12:04 Champi Runner
12:49 Double-Bit Axe
14:43 Horse Collar
14:56 Arson
16:41 Forging
16:35 Scale Mail Armor
18:28 Loom
18:48 Town Watch
21:21 Gold Mining
25:52 Castle Age
27:04 Chain Mail Armor
27:25 Iron Casting
26:20 Pikeman
27:00 Squires
26:37 Champi Warrior
28:26 Wheelbarrow
30:20 Heavy Plow
Paulinho19
0:33 Loom
13:12 Feudal Age
18:40 Bloodlines
19:18 Wheelbarrow
18:40 Double-Bit Axe
18:37 Horse Collar
21:57 Castle Age
22:17 Forging
22:12 Scale Barding Armor
22:30 Light Cavalry
23:11 Husbandry
Connection lost

Rejoining the realm…

Still unreachable

The connection could not be restored.

Session expired

The server has moved on; the page needs a fresh start.